 Dungeon Crawl Stone Soup version 0.31-a0-150-g89dc3ad700 (webtiles) character file.

Game seed: 12476816365461385927

6930 Drazool the Carver (level 10, 0/75 (79) HPs)
             Began as a Vampire Monk on June 9, 2023.
             Slain by a boulder beetle (12 damage)
             ... on level 7 of the Dungeon.
             The game lasted 00:20:36 (6501 turns).

Drazool the Carver (Vampire Monk)                   Turns: 6501, Time: 00:20:37

HP:   0/75 (79)     AC: 10    Str: 10    XL:     10   Next: 80%
MP:   10/10         EV: 17    Int: 13    God:
Gold: 563           SH:  0    Dex: 27    Spells: 9/9 levels left

rFire   + . .        a - +0 long sword
rCold   . . .        d - orb {light}
rNeg    . . .        w - +2 ring mail {rF+}
rPois   .            l - +0 helmet
rElec   .            I - +0 cloak
rCorr   +            (no gloves)
SInv    +            j - +0 pair of boots
Will    +....        (no amulet)
Stlth   +            D - +6 ring of dexterity
HPRegen 0.52/turn    R - ring of resist corrosion
MPRegen 0.12/turn

%: no passive effects
@: healing quickly, glowing, drained, very slow
A: alive, fangs 3, see invisible, vampiric 2
a: Exsanguinate


You were on level 7 of the Dungeon.
You visited 1 branch of the dungeon, and saw 7 of its levels.

You collected 563 gold pieces.


Innate Abilities, Weirdness & Mutations

Your natural rate of healing is accelerated.
You have razor-sharp teeth.
You have supernaturally acute eyesight. (SInv)
You are afflicted with vampirism and can become a bat while bloodless.


   Skills:
 - Level 7.0 Fighting
 + Level 11.4 Long Blades
 + Level 6.1 Throwing
 - Level 8.5 Dodging


You had 9 spell levels left.
You didn't know any spells.
Your spell library contained the following spells:

 Spells                   Type           Power      Damage    Failure   Level
 Apportation              Tloc           0%         N/A       63%         1
 Magic Dart               Conj           0%         1d3       63%         1
 Necrotise                Necr           0%         1d4       63%         1
 Summon Small Mammal      Summ           0%         N/A       63%         1
 Call Imp                 Summ           0%         N/A       77%         2
 Ignite Poison            Fire/Tmut/Pois 0%         N/A       94%         3
 Mephitic Cloud           Conj/Pois/Air  0%         N/A       94%         3
 Sticky Flame             Conj/Fire      0%         2d3       100%        4
 Ignition                 Fire           0%         3d3       100%        8

Inventory:

Hand Weapons
 a - a +0 long sword (weapon)
 b - a +0 sling
 A - a +0 falchion
 E - a +1 long sword of holy wrath
Missiles
 x - 2 javelins
 H - 7 poisoned darts (quivered)
 J - 3 silver boomerangs
 L - 11 boomerangs of dispersal {=f}
Armour
 d - an orb of light (worn)
 j - a +0 pair of boots (worn)
 l - a +0 helmet (worn)
 w - a +2 ring mail of fire resistance (worn)
 I - a +0 cloak (worn)
Magical Staves
 m - a staff of conjuration {!a}
Jewellery
 D - a +6 ring of dexterity (left hand)
 R - a ring of resist corrosion (right hand)
Wands
 s - a wand of roots (6)
 B - a wand of charming (7)
 F - a wand of digging (8)
 N - a wand of polymorph (8)
Scrolls
 e - a scroll of fog {unknown}
 i - 2 scrolls of immolation
 n - a scroll of magic mapping
 o - 2 scrolls of fear {unknown}
 q - 4 scrolls of teleportation {@r2}
 r - a scroll of silence {!r}
 t - a scroll of amnesia
 y - 2 scrolls of noise
 C - a scroll of poison {unknown}
 M - a scroll of blinking {unknown}
Potions
 f - 2 potions of haste {@q3}
 g - a potion of attraction {unknown}
 h - a potion of might
 k - 3 potions of heal wounds {unknown}
 p - 2 potions of resistance {unknown}
 u - a potion of brilliance {unknown}
 v - a potion of cancellation {unknown}
 z - a potion of magic {unknown}
 G - a potion of curing {@q1}
 K - 2 potions of degeneration {unknown}
 O - a potion of mutation {unknown}

Dungeon Overview and Level Annotations

Branches:
Dungeon (7/15)
 Temple: D:4-7

Altars:
Ashenzari
Cheibriados
Nemelex Xobeh
Wu Jian
Xom

Shops:
D:6 *

Annotations:
D:3 1 runed translucent door, Crazy Yiuf

..▒▒♣.♣▒▒ ▒▒▒ ▒.▒ ▒▒▒
..▒ ♣.♣♣ ♣♣♣♣♣♣♣.♣ ♣♣♣♣♣
..▒ ♣♣.♣▒♣......♣. ....♣
..▒ ♣♣.▒♣.~P..▒▒▒..P~.♣
..▒ ♣♣.♣▒♣.....▒)▒f..P.♣
..▒♣♣.♣♣ ♣.....▒.▒...$.♣
..▒♣.♣♣ ...g........
..▒♣♣)♣♣♣♣.▒▒▒.....▒▒▒
..▒.♣...l.♣▒..^B@...)▒
..▒.♣.F°♣♣.▒▒▒..z..▒▒▒
..▒.♣♣♣[▒♣...)........
.#▒♣.♣♣g▒♣(....▒.▒.....♣
.# ♣♣.(♣▒♣.....▒(▒.....♣
.#▒♣♣g♣♣ ♣.~...▒▒▒...~.♣
.#▒.g♣♣ ♣......♣ ....♣
.#▒.g)♣ ♣♣♣♣♣♣♣.♣ ♣♣♣♣♣
.#▒▒♣.♣ .▒


You could see a boulder beetle (very poisoned), a sleepcap, a gnoll bouda and a
wight (reflecting).


Message History

You feel drained. The wight burns you. The wight closely misses you.
The boulder beetle hits you!!!
Ouch! That really hurt!
* * * LOW HITPOINT WARNING * * *
The boulder beetle stops rolling and uncurls.
The wight barely misses you.
Unknown command.
The boulder beetle misses you. The wight closely misses you.
Unknown command.
The boulder beetle bites you!
* * * LOW HITPOINT WARNING * * *
The wight hits you with a +2 war axe of flaming.
* * * LOW HITPOINT WARNING * * *
You feel drained.
* * * LOW HITPOINT WARNING * * *
The wight burns you.
* * * LOW HITPOINT WARNING * * *
You feel better.
You feel less invigorated. The boulder beetle bites you!
* * * LOW HITPOINT WARNING * * *
The wight barely misses you.
Unknown command.
Throw: 12 boomerangs (disperse) {=f}
Press: ? - help, Shift-Dir - straight line, f - boulder beetle
Aim: a boulder beetle (almost dead, very poisoned, haloed, 97% to hit)
You throw a boomerang of dispersal {=f}.
The boomerang of dispersal {=f} hits the boulder beetle and shatters, but does no damage.
The boulder beetle is almost dead.
The boulder beetle bites you!
You die...

Skill      XL: |  1  2  3  4  5  6  7  8  9 10 |
---------------+-------------------------------+-----
Long Blades    | 4 5 6 10 11 | 11.4
Fighting       | 3 5 7 |  7.0
Dodging        | 4 6 8 |  8.5
Throwing       | 3 6 |  6.1

Action                     |  1- 3 |  4- 6 |  7- 9 | 10-12 || total
---------------------------+-------+-------+-------+-------++-------
  Melee: Falchion          |   110 |    29 |       |       ||   139
         Bite              |     6 |     7 |    56 |    22 ||    91
         Long sword        |       |    61 |   320 |    93 ||   474
         Unarmed           |       |       |     6 |       ||     6
   Fire: Sling             |       |    14 |       |       ||    14
  Throw: Javelin           |     2 |       |       |       ||     2
         Dart              |       |       |    14 |     3 ||    17
         Boomerang         |       |       |       |     3 ||     3
  Evoke: Wand              |       |       |       |     6 ||     6
    Use: Potion            |     3 |       |     4 |     5 ||    12
         Scroll            |     1 |     5 |     2 |     2 ||    10
 Armour: Robe              |    32 |       |       |       ||    32
         Ring mail         |       |    14 |    92 |    30 ||   136
  Dodge: Dodged            |    60 |    53 |   291 |    90 ||   494

Levels and vault maps discovered:
D:1:      co_arrival_square_in_a_square_in_a_square, layout_basic
D:2:      layout_rooms, shapermc_ecumenical_altar_ellora, hangedman_glass_teeth
D:3:      layout_loops_ring, mainiacjoe_overflow_concentric_impassable,
          nicolae_overflow_crystal_walls, guppyfry_early_lair_pool,
          uniq_crazy_yiuf_cottage, uniq_ijyb, uniq_grinder
D:4:      layout_loops_corners, serial_bayou, serial_bayou_crossing,
          serial_bayou_shore_b, serial_bayou_pond_a, serial_bayou_ford_a,
          uniq_robin
D:5:      minmay_opposing_rooms, layout_loops_ring, lemuel_tele_altar,
          uniq_edmund, uniq_eustachio
D:6:      minmay_recursive_quarters, layout_basic, serial_undead,
          serial_undead_b, serial_undead_d, serial_undead_f, serial_undead_a,
          minmay_shop_mass, minmay_unpleasant_kobolds, uniq_maggie
D:7:      nzn_winding_woodlands_large [nzn_winding_woodlands_5x5_open_star,
          nzn_winding_woodlands_5x15_longhouse,
          nzn_winding_woodlands_5x5_perimeter,
          nzn_winding_woodlands_center_lodge,
          nzn_winding_woodlands_15x15_five_gardens,
          nzn_winding_woodlands_center_pierced_h,
          nzn_winding_woodlands_5x5_default, nzn_winding_woodlands_5x15_crooked,
          nzn_winding_woodlands_5x5_checkerboard], layout_basic,
          gammafunk_temple_overflow_wave, minmay_misc_feat_tiny

Notes
Turn   | Place    | Note
-------+----------+-------------------------------------------
     0 | D:1      | Drazool the Vampire Monk began the quest for the Orb.
     0 | D:1      | Reached XP level 1. HP: 17/17 MP: 1/1
   201 | D:1      | Reached XP level 2. HP: 20/23 MP: 2/2
   319 | D:1      | Reached skill level 4 in Long Blades
   390 | D:1      | Gained mutation: You are afflicted with vampirism and can
                  | become a bat while bloodless. [Vampire growth]
   390 | D:1      | Reached XP level 3. HP: 23/28 MP: 3/3
   979 | D:2      | Found a faded altar of an unknown god.
  1437 | D:3      | Found a snail-covered altar of Cheibriados.
  1568 | D:3      | Found a runed translucent door.
  1569 | D:3      | Noticed Crazy Yiuf
  1614 | D:3      | Noticed Ijyb
  1631 | D:3      | HP: 2/28 [Ijyb/+0 dagger (4)]
  1639 | D:3      | Killed Ijyb
  1640 | D:3      | Reached skill level 5 in Long Blades
  1640 | D:3      | Reached XP level 4. HP: 18/34 MP: 4/4
  1834 | D:3      | Found a broken altar of Ashenzari.
  1871 | D:3      | Noticed Grinder
  1880 | D:3      | Killed Grinder
  1881 | D:3      | Reached skill level 6 in Long Blades
  1881 | D:3      | Reached XP level 5. HP: 34/39 MP: 5/5
  1881 | D:3      | Reached XP level 6. HP: 40/46 MP: 6/6
  2538 | D:4      | Reached skill level 3 in Fighting
  2596 | D:4      | Reached skill level 4 in Dodging
  2919 | D:4      | Noticed Robin
  2938 | D:4      | Killed Robin
  3422 | D:5      | Entered Level 5 of the Dungeon
  3445 | D:5      | Reached XP level 7. HP: 21/53 MP: 7/7
  3548 | D:5      | Noticed Edmund
  3569 | D:5      | Reached skill level 4 in Fighting
  3573 | D:5      | Reached skill level 5 in Dodging
  3583 | D:5      | Killed Edmund
  3692 | D:5      | Reached skill level 5 in Fighting
  3692 | D:5      | Reached skill level 6 in Dodging
  3836 | D:5      | Reached XP level 8. HP: 27/62 MP: 8/8
  4009 | D:5      | Noticed Eustachio
  4021 | D:5      | Killed Eustachio
  4022 | D:5      | Reached skill level 7 in Dodging
  4359 | D:5      | Reached skill level 6 in Fighting
  4643 | D:5      | Found an ornate altar of the Wu Jian Council.
  4763 | D:6      | Reached skill level 8 in Dodging
  4858 | D:6      | Reached skill level 7 in Fighting
  4858 | D:6      | Reached XP level 9. HP: 53/72 MP: 9/9
  4900 | D:6      | Reached skill level 7 in Long Blades
  4903 | D:6      | Found Billoeg's Mass Market.
  5007 | D:6      | Reached skill level 8 in Long Blades
  5230 | D:6      | Reached skill level 1 in Throwing
  5282 | D:6      | Noticed Maggie
  5297 | D:6      | Killed Maggie
  5298 | D:6      | Reached skill level 9 in Long Blades
  5298 | D:6      | Reached skill level 2 in Throwing
  5777 | D:7      | Found a sparkling altar of Nemelex Xobeh.
  5777 | D:7      | Found a shimmering altar of Xom.
  5896 | D:7      | Reached skill level 3 in Throwing
  5913 | D:7      | Noticed a cyclops
  5920 | D:7      | Killed a cyclops
  5921 | D:7      | Reached skill level 10 in Long Blades
  5921 | D:7      | Reached XP level 10. HP: 36/79 MP: 10/10
  5926 | D:7      | Reached skill level 4 in Throwing
  5929 | D:7      | Noticed a cyclops
  5943 | D:7      | Noticed a deep elf pyromancer
  5945 | D:7      | Killed a cyclops
  5953 | D:7      | Killed a deep elf pyromancer
  6034 | D:7      | Identified the +6 hand axe "Ogreslayer" {drain, *Rage rPois
                  | rCorr Str+6}
  6054 | D:7      | Reached skill level 5 in Throwing
  6097 | D:7      | Reached skill level 11 in Long Blades
  6259 | D:7      | Noticed a cyan ugly thing
  6285 | D:7      | Killed a cyan ugly thing
  6286 | D:7      | Reached skill level 6 in Throwing
  6477 | D:7      | Noticed a boulder beetle
  6499 | D:7      | HP: 7/77 [wight/+2 war axe of flaming (5)]
  6501 | D:7      | Slain by a boulder beetle

Vanquished Creatures
  A deep elf pyromancer (D:7)
  An ugly thing (D:7)
  2 cyclopes (D:7)
  Maggie (D:6)
  A komodo dragon (D:7)
  Grinder (D:3)
  A wyvern (D:7)
  Eustachio (D:5)
  A steam dragon (D:7)
  2 vampire mosquitoes (D:7)
  Edmund (D:5)
  An acid dragon (D:7)
  3 water moccasins
  3 ice beasts
  2 sky beasts (D:7)
  An orc warrior (D:5)
  2 black bears
  2 ogres
  2 centaurs (D:7)
  5 phantoms (D:6)
  2 kobold brigands
  2 bullfrogs
  4 scorpions
  A wight (D:7)
  2 wyvern skeletons (D:6)
  A killer bee (D:7)
  3 howler monkeys
  A centaur zombie (D:6)
  2 bullfrog zombies (D:6)
  8 hounds
  2 orc priests
  2 jellies (D:5)
  A gnoll bouda (D:4)
  8 iguanas
  A sleepcap (D:6)
  A bullfrog skeleton (D:6)
  6 orc wizards
  Ijyb (D:3)
  Robin (D:4)
  5 gnolls
  2 howler monkey skeletons (D:6)
  3 adders
  A white imp (D:7)
  An ufetubus (D:7)
  2 worms
  2 dart slugs
  22 orcs
  11 endoplasms
  5 giant cockroaches
  15 goblins
  11 hobgoblins
  5 quokkas
  5 ball pythons
  4 bats
  5 frilled lizards
  10 kobolds
  7 rats
199 creatures vanquished.

Table legend: (Time is in decaauts)
 A = Elapsed time spent in this place.
 B = Non-inter-level travel time spent in this place.
 C = Inter-level travel time spent in this place.
 D = Time resting spent in this place.
 E = Time spent auto-exploring this place.
 F = Levels seen in this place.
 G = Mean time per level.
                   A        B        C        D        E       F      G
               +--------+--------+--------+--------+--------+-----+--------+
         Total |   6525 |   6205 |    320 |    236 |   4417 |   7 |  932.1 |
       Dungeon |   6525 |   6205 |    320 |    236 |   4417 |   7 |  932.1 |
               +--------+--------+--------+--------+--------+-----+--------+

Top non-repeatable levels by time:
     D:4: 1234 daAuts
     D:5: 1183 daAuts
     D:6: 1133 daAuts
     D:3: 854 daAuts
     D:1: 823 daAuts
     D:7: 675 daAuts
     D:2: 621 daAuts

Table legend:
 A = Non-vault XP
 B = Vault XP
 C = Vault XP percentage of total XP
 D = Non-vault monster count
 E = Vault monster count
 F = Vault count percentage of total count
                 A         B        C        D         E       F
            +---------+---------+-------+---------+---------+-------
      Total |    2263 |    7638 |  77.1 |     121 |      78 |  39.2
            +---------+---------+-------+---------+---------+-------
        D:1 |      48 |       0 |   0.0 |      27 |       0 |   0.0
        D:2 |      23 |       0 |   0.0 |      12 |       0 |   0.0
        D:3 |      45 |     300 |  87.0 |      17 |       2 |  10.5
        D:4 |     359 |      40 |  10.0 |      21 |      13 |  38.2
        D:5 |     572 |     769 |  57.3 |      25 |      11 |  30.6
        D:6 |     991 |    1554 |  61.1 |      14 |      25 |  64.1
        D:7 |     225 |    4975 |  95.7 |       5 |      27 |  84.4
            +---------+---------+-------+---------+---------+-------
